 Dungeon Crawl Stone Soup version 0.31.0-9-g3a7656b989 (webtiles) character file.

Game seed: 17265007766495869130

121984 Colgate the Warrior (level 16, -4/141 HPs)
             Began as a Demonspawn Cinder Acolyte on Feb 2, 2024.
             Was a Follower of Ignis.
             Slain by a spriggan rider
             ... wielding a +2 spear of flaming
              (7 damage)
             ... on level 1 of the Swamp.
             The game lasted 02:31:50 (54676 turns).

Colgate the Warrior (Demonspawn Cinder Acolyte)    Turns: 54676, Time: 02:31:51

Health: -4/141     AC: 20    Str: 17    XL:     16   Next: 33%
Magic:  32/36      EV: 10    Int: 19    God:    Ignis [*.....]
Gold:   649        SH:  4    Dex: 10    Spells: 37/47 levels left

rFire   + + .        b - +0 trident (heavy)
rCold   + + .        c - +1 buckler {rC+}
rNeg    . . .        K - +2 ring mail {rPois}
rPois   +            I - +1 helmet
rElec   +            X - scarf {rC+ rF+}
rCorr   .            x - +2 pair of gloves of Death Resistance {+Inv}
SInv    .            N - +2 pair of boots {rampage}
Will    +....        (no amulet) Stlth
                     H - ring of wizardry
HPRegen 0.43/turn    O - ring of flight
MPRegen 0.25/turn

%: rampage, wizardry (x1)
@: flying, hasted, studying Fighting, very quick
A: thin metallic scales 3, ignite blood 3, powered by death 1, demonic touch 1
a: Renounce Religion, Evoke Invisibility, Fiery Armour, Foxfire Swarm, Rising
Flame


You were on level 1 of the Swamp.
You worshipped Ignis.
Ignis was aware of your devotion.
You visited 5 branches of the dungeon, and saw 24 of its levels.
You also visited: Ice Cave.

You collected 2849 gold pieces.
You spent 2200 gold pieces at shops.

Inventory:

Hand Weapons
 a - a +4 trident
 b - a +0 heavy trident (weapon)
Missiles
 s - 6 datura-tipped darts
 v - 58 poisoned darts
 D - 2 throwing nets {!f}
 E - 4 curare-tipped darts
 L - 6 javelins
 W - 5 atropa-tipped darts
Armour
 c - a +1 buckler of cold resistance (worn)
 x - the +2 pair of gloves of Death Resistance (worn) {+Inv}
   (You found it on level 3 of the Dungeon)

   +Inv:      It lets you turn invisible.
 I - a +1 helmet (worn)
 K - a +2 ring mail of poison resistance (worn)
 N - a +2 pair of boots of rampaging (worn)
 X - a scarf of resistance (worn)
Jewellery
 m - the ring of the Hare {EV+10}
   (You found it on level 15 of the Dungeon)

   [ring of evasion]

   EV+10:     It affects your evasion (+10).
 y - a ring of ice
 B - a ring of protection from cold
 H - a ring of wizardry (left hand)
 O - a ring of flight (right hand)
 T - a ring of willpower
 V - a ring of protection from cold
Wands
 k - a wand of flame (19)
 n - a wand of iceblast (18) {@v2}
 t - a wand of charming (13)
 C - a wand of acid (7) {@v1}
 F - a wand of polymorph (11)
 Q - a wand of digging (6) {@v3}
Scrolls
 h - a scroll of butterflies
 i - 6 scrolls of poison
 l - a scroll of silence {unknown}
 p - a scroll of torment {unknown}
 q - 10 scrolls of teleportation {@r3}
 u - 2 scrolls of fog
 w - 5 scrolls of vulnerability
 G - 3 scrolls of blinking {@r4}
 R - a scroll of revelation
 U - a scroll of amnesia
Potions
 d - 5 potions of haste {@q4}
 e - 3 potions of lignification
 f - 7 potions of curing {@q1}
 g - 7 potions of attraction
 j - a potion of cancellation
 o - 5 potions of brilliance
 r - a potion of mutation {unknown}
 z - a potion of heal wounds {unknown}
 A - 3 potions of enlightenment
 J - 4 potions of invisibility
 M - a potion of resistance {@q5}
 P - 2 potions of ambrosia
 S - a potion of berserk rage
 Y - 2 potions of might {@q3}
 Z - a potion of magic


   Skills:
 + Level 17.3 Fighting
 - Level 12.0 Polearms
 - Level 5.1 Armour
 - Level 16.0 Spellcasting
 - Level 3.1 Necromancy
 - Level 11.0 Fire Magic
 - Level 11.0 Air Magic


You had 37 spell levels left.
You knew the following spells:

 Your Spells              Type           Power      Damage    Failure   Level
a - Scorch                Fire           100%       2d9       1%          2
b - Plasma Beam           Fire/Air       27%        2x1d39    6%          6
c - Sublimation of Blood  Necr           27%        N/A       1%          2

Your spell library contained the following spells:

 Spells                   Type           Power      Damage    Failure   Level
 Foxfire                  Conj/Fire      100%       2x1d9     1%          1
 Necrotise                Necr           100%       1d9       1%          1
 Mercury Vapours          Alch/Air       72%        N/A       1%          2
 Mephitic Cloud           Conj/Alch/Air  29%        N/A       2%          3
 Apportation              Tloc           30%        N/A       3%          1
 Magic Dart               Conj           60%        1d6       3%          1
 Sandblast                Erth           30%        2d9       3%          1
 Sting                    Conj/Alch      60%        1d6       3%          1
 Summon Small Mammal      Summ           60%        N/A       3%          1
 Call Imp                 Summ           30%        N/A       6%          2
 Lesser Beckoning         Tloc           30%        N/A       6%          2
 Searing Ray              Conj           30%        2d5       6%          2
 Animate Dead             Necr           27%        N/A       10%         4
 Gell's Gravitas          Tloc           15%        N/A       11%         3
 Ozocubu's Armour         Ice            15%        N/A       11%         3
 Passwall                 Erth           15%        N/A       11%         3
 Stone Arrow              Conj/Erth      30%        3d8       11%         3
 Teleport Other           Tloc           15%        N/A       11%         3
 Freezing Cloud           Conj/Ice/Air   14%        6-21      22%         5
 Brom's Barrelling Bould  Conj/Erth      15%        2d4       32%         4
 Fulminant Prism          Conj/Alch      7%         3d6       32%         4
 Olgreb's Toxic Radiance  Alch           15%        N/A       32%         4
 Borgnjor's Vile Clutch   Necr/Erth      10%        N/A       45%         5
 Starburst                Conj/Fire      18%        6d7       47%         6
 Metabolic Englaciation   Hex/Ice        7%         N/A       65%         5
 Death Channel            Necr           13%        N/A       80%         6
 Sculpt Simulacrum        Ice/Alch       7%         N/A       99%         6
 Haunt                    Necr/Summ      10%        N/A       100%        7
 Summon Hydra             Summ           7%         N/A       100%        7
 Infestation              Necr           13%        N/A       100%        8


Dungeon Overview and Level Annotations

Branches:
Dungeon (15/15)            Temple (1/1) D:5            Lair (5/5) D:9
  Swamp (1/4) Lair:2       Spider (0/4) Lair:2        Slime (0/5) Lair:5
    Orc (2/2) D:12            Elf (0/3) Orc:2        Vaults (0/5) D:13
 Depths (0/4) D:15          IceCv (visited)

Altars:
Ashenzari
Cheibriados
Dithmenos
Fedhas
Gozag
Hepliaklqana
Kikubaaqudgha
Makhleb
Nemelex Xobeh
Okawaru
Qazlal
Ru
Sif Muna
Trog
Uskayaw
Vehumet
Wu Jian
Xom
Yredelemnul
Jiyva
Lugonu

Shops:
D:10 *   Orc:2 =(*?::

Portals:
Abyss: Lair:5
Pandemonium: Orc:2

Annotations:
D:4 3 runed translucent doors, cariele's ghost, amateur DrCj
D:6 3 runed translucent doors, karambola's ghost, novice OpAl
Lair:2 2 transporters, Kenran's ghost, journeyman NaGl
Lair:4 Rupert
Swamp:1 Roxanne


Innate Abilities, Weirdness & Mutations

You are completely covered in thin metallic scales. (AC +4, rElec)
Your demonic aura causes all spilled blood to erupt in flames.
You regenerate a little health from kills.
Your touch may inflict minor irresistible damage on your foes.


Message History

2 foxfires come into view.
The foxfire hits you. You resist. The foxfire hits you. You resist.
The swamp worm fires a harpoon shot at you.
The harpoon shot hits you but does no damage.
The spriggan rider hits you from afar with a +2 spear of flaming!
The spriggan rider burns you.
The will-o-the-wisp blinks!
A four-headed hydra comes into view.
Found a scale mail.
The four-headed hydra roars!
The swamp worm is engulfed in blazing flames.
The swamp worm fires a harpoon shot at you.
The harpoon shot hits you!
You are yanked forward by the harpoon shot.
The spriggan rider hits you but does no damage.
The will-o-the-wisp gestures.
The will-o-the-wisp conjures some marshlight!
The will-o-the-wisp gestures.
The will-o-the-wisp conjures some marshlight!
The four-headed hydra moves out of view. 4 foxfires come into view.
The foxfire hits you. You resist.
* * * LOW HITPOINT WARNING * * *
The foxfire hits you. You resist.
* * * LOW HITPOINT WARNING * * *
The foxfire hits you but does no damage.
You resist.
The swamp worm attacks as it pursues you!
The swamp worm barely misses you.
The foxfire hits you but does no damage.
The spriggan rider hits you with a +2 spear of flaming!!
* * * LOW HITPOINT WARNING * * *
The spriggan rider burns you.
* * * LOW HITPOINT WARNING * * *
The will-o-the-wisp engulfs you but does no damage.
Okay, then.
You feel yourself speed up. The swamp worm bites you!
* * * LOW HITPOINT WARNING * * *
The swamp worm is engulfed in a cloud of scalding steam.
The spriggan rider hits you with a +2 spear of flaming!
You die...

♣. ♣..?>...[ ♣.♣
♣♣.~~~♣.~ ~ .♣.♣
♣♣..~~w~.~.~
♣~~.♣♣♣♣♣........~).
♣.~~...~~~..~~~~.~~~
♣.§§~~§~$~~~~~~..~§~
♣.~~~♣~~.♣~♣~♣~~~~~~
~~♣~~§☼♣w~§.~..~~~.
♣~..~~.§@iw~♣.~~.~~.
~~♣.~~.§v§~§§..~.~~.
♣~~.§~.§v~~~R.~~..~D
.~.♣..§~~~.~~~~.~..~
♣~.♣.~§.~~§...~~~.♣♣
♣ ♣♣~♣....~~~~.~§♣
♣♣♣♣.~~~~~~.~.♣
♣♣~~~....♣♣♣
♣♣....8)♣


You could see an eleionoma, a tyrant leech, a spriggan rider, 2 will-o-the-wisps
and 2 swamp worms.

Vanquished Creatures
  Jorgrun (D:13)
  A sphinx (D:13)
  Frances (D:13)
  Kirke (D:15)
  A storm dragon (D:13)
  A fire giant (D:14)
  Snorg (Lair:5)
  An ettin (D:14)
  2 fire dragons (D:15)
  Josephine (Lair:5)
  An entropy weaver (shapeshifter) (D:13)
  Erolcha (Orc:1)
  6 hydras
  An ogre mage (D:13)
  3 demonspawn (Orc:2)
  4 centaur warriors
  3 boulder beetles
  2 catoblepae
  11 two-headed ogres
  3 thrashing horrors (Lair:5)
  Urug (Orc:2)
  6 orc high priests
  A deep elf knight (D:14)
  Amaemon (Lair:3)
  5 skeletal warriors
  Lodul (D:14)
  2 spriggan druids (Lair:2)
  Pikel (D:4)
  4 orc knights (Orc:2)
  4 large abominations (Lair:5)
  A harpy (shapeshifter) (Lair:5)
  2 deep elf pyromancers (D:15)
  A necromancer (IceCv)
  3 oklob plants
  16 ugly things
  8 orc sorcerers (Orc:2)
  2 cyclopes (D:15)
  4 manticores
  10 elephants
  2 smoke demons (Lair:5)
  6 black mambas
  A meliai (shapeshifter) (Lair:5)
  A kobold blastminer (Orc:2)
  An ice statue (IceCv)
  18 cane toads
  An orange demon (Lair:2)
  4 centaur skeletons (D:13)
  2 gargoyles (D:12)
  2 unseen horrors
  3 rime drakes
  7 komodo dragons
  Maggie (Lair:2)
  An efreet (D:13)
  3 freezing wraiths (IceCv)
  10 ice devils
  3 trolls (D:12)
  2 polar bears (Lair:3)
  5 hornets
  2 hellwings (Orc:2)
  Prince Ribbit (D:5)
  29 blink frogs
  A raiju (Lair:5)
  13 slime creatures
  7 dream sheep (Lair:4)
  A spriggan (Lair:5)
  7 wraiths
  A shadow (D:9)
  11 small abominations (Lair:5)
  4 wyverns
  2 dire elephant simulacra (IceCv)
  A ynoxinul (Lair:5)
  50 yaks
  4 water elementals
  3 hogs (D:15)
  4 wargs
  Eustachio (D:4)
  9 vampire mosquitoes
  7 basilisks
  2 death yak simulacra (IceCv)
  3 chaos spawn
  Menkaure (D:7)
  2 harpy simulacra (IceCv)
  4 acid dragons
  7 hydra simulacra (IceCv)
  18 water moccasins
  3 sky beasts
  2 ice beasts (D:5)
  35 orc warriors
  2 black bears
  A boggart (D:13)
  19 ogres
  4 wolves (Lair:3)
  10 centaurs
  3 lemures (D:4)
  2 phantoms
  10 kobold brigands
  20 bullfrogs
  2 gnoll sergeants
  4 cane toad simulacra (IceCv)
  5 scorpions
  6 earth elementals (D:15)
  7 wights (D:9)
  9 killer bees
  6 elephant simulacra (IceCv)
  An oklob sapling (D:13)
  2 electric eels (Lair:4)
  11 howler monkeys
  3 jellies
  4 bombardier beetles
  3 hounds
  29 orc priests
  A sleepcap (D:5)
  3 iguanas
  22 orc wizards
  4 polar bear simulacra (IceCv)
  2 spriggan simulacra (IceCv)
  4 wolf simulacra (IceCv)
  12 gnolls
  3 naga simulacra (IceCv)
  15 adders
  2 shadow imps (D:4)
  12 white imps (D:11)
  An ufetubus (IceCv)
  2 dart slugs
  106 orcs
  A bat (D:3)
  8 endoplasms
  2 giant cockroaches
  11 hobgoblins
  6 jackals
  40 kobolds
  4 quokkas
  10 ball pythons
  A frilled lizard (D:3)
  3 goblins
  6 rats
871 creatures vanquished.

Vanquished Creatures (others)
  A slime creature (D:13)
  8 foxfires (Swamp:1)
9 creatures vanquished.

Grand Total: 880 creatures vanquished

Notes
Turn   | Place    | Note
-------+----------+-------------------------------------------
     0 | D:1      | Colgate the Demonspawn Cinder Acolyte began the quest for
                  | the Orb.
     0 | D:1      | Reached XP level 1. HP: 18/18 MP: 2/2
   171 | D:1      | Gained mutation: You regenerate a little health from kills.
                  | [demonic ancestry]
   171 | D:1      | Reached XP level 2. HP: 24/24 MP: 3/3
   174 | D:1      | Learned a level 2 spell: Scorch
  1082 | D:2      | Gained mutation: Your demonic aura sometimes causes spilled
                  | blood to erupt in flames. [demonic ancestry]
  1082 | D:2      | Reached XP level 3. HP: 29/29 MP: 1/4
  1978 | D:2      | Reached XP level 4. HP: 35/35 MP: 1/7
  2487 | D:3      | Reached XP level 5. HP: 41/41 MP: 3/8
  2865 | D:3      | Reached skill level 5 in Polearms
  3036 | D:3      | Identified the +2 pair of gloves of Death Resistance {+Inv}
  3424 | D:4      | Noticed a lemure
  3424 | D:4      | Noticed a lemure
  3424 | D:4      | Noticed Pikel
  3488 | D:4      | Noticed Eustachio
  3509 | D:4      | Noticed an ogre
  3517 | D:4      | Killed an ogre
  3518 | D:4      | Reached XP level 6. HP: 43/47 MP: 9/9
  3528 | D:4      | Killed Eustachio
  3804 | D:4      | Gained mutation: Your touch may inflict minor irresistible
                  | damage on your foes. [demonic ancestry]
  3804 | D:4      | Reached XP level 7. HP: 49/52 MP: 10/10
  4161 | D:4      | Found a runed translucent gate.
  4161 | D:4      | Found a runed translucent gate.
  4161 | D:4      | Found a runed translucent gate.
  4170 | D:4      | Noticed cariele's ghost (amateur DrCj)
  4299 | D:5      | Entered Level 5 of the Dungeon
  4299 | D:5      | Noticed Prince Ribbit
  4696 | D:4      | Gained mutation: You are partially covered in thin metallic
                  | scales. (AC +2) [demonic ancestry]
  4696 | D:4      | Reached XP level 8. HP: 28/58 MP: 11/11
  5183 | D:5      | Reached skill level 10 in Polearms
  5389 | D:5      | Killed Prince Ribbit
  5636 | D:5      | Gained mutation: Your demonic aura often causes spilled
                  | blood to erupt in flames. [demonic ancestry]
  5636 | D:5      | Reached XP level 9. HP: 63/63 MP: 12/12
  5970 | D:4      | Killed Pikel
  6261 | D:5      | Found a staircase to the Ecumenical Temple.
  6269 | Temple   | Entered the Ecumenical Temple
  6540 | D:6      | Reached skill level 1 in Armour
  6646 | D:6      | Reached skill level 4 in Fighting
  6989 | D:6      | Noticed karambola's ghost (novice OpAl)
  6995 | D:6      | Found a runed translucent gate.
  6995 | D:6      | Found a runed translucent gate.
  6997 | D:6      | Found a runed translucent gate.
  7205 | D:7      | Reached skill level 5 in Fighting
  7512 | D:7      | Reached skill level 6 in Fighting
  7719 | D:7      | Gained mutation: Your demonic aura causes all spilled blood
                  | to erupt in flames. [demonic ancestry]
  7719 | D:7      | Reached XP level 10. HP: 77/77 MP: 13/13
  8089 | D:7      | Noticed Menkaure
  8096 | D:7      | Killed Menkaure
  8376 | D:7      | Reached skill level 7 in Fighting
  8924 | D:8      | Found an opulent altar of Gozag.
  9683 | D:8      | Reached skill level 8 in Fighting
  9720 | D:8      | Found a shimmering altar of Xom.
 10588 | D:9      | Found a staircase to the Lair.
 10623 | D:9      | Reached skill level 9 in Fighting
 10841 | D:9      | Noticed a two-headed ogre
 10853 | D:9      | Killed a two-headed ogre
 10854 | D:9      | Reached skill level 5 in Armour
 11052 | D:9      | Found a hide-covered altar of Uskayaw.
 11649 | D:9      | Reached XP level 11. HP: 88/90 MP: 14/14
 11652 | D:9      | Reached skill level 10 in Fighting
 11752 | D:10     | Entered Level 10 of the Dungeon
 11954 | D:10     | Reached skill level 11 in Fighting
 12400 | D:9      | Found a staircase to the Lair.
 12714 | D:9      | Found a hide-covered altar of Uskayaw.
 13174 | D:10     | Found a blossoming altar of Fedhas.
 13258 | D:10     | Found Mitruuw's Assorted Antiques.
 13266 | D:10     | Bought a tubular coral ring for 120 gold pieces
 13470 | D:11     | Noticed a boulder beetle
 13499 | D:11     | Killed a boulder beetle
 13500 | D:11     | Reached skill level 12 in Fighting
 13655 | D:11     | Found a frozen archway.
 13696 | IceCv    | Entered an ice cave
 15230 | IceCv    | Found an ancient bone altar of Kikubaaqudgha.
 15279 | IceCv    | Reached skill level 5 in Spellcasting
 15458 | IceCv    | Noticed a necromancer
 15484 | IceCv    | Killed a necromancer
 15485 | IceCv    | Gained mutation: You are mostly covered in thin metallic
                  | scales. (AC +3) [demonic ancestry]
 15485 | IceCv    | Reached XP level 12. HP: 52/103 MP: 19/19
 15494 | IceCv    | Reached skill level 5 in Fire Magic
 16601 | D:11     | Noticed a two-headed ogre
 16615 | D:11     | Killed a two-headed ogre
 16840 | D:11     | Identified the +2 morningstar "Kyemnos" {flame, Str+3}
 17704 | D:12     | Noticed a two-headed ogre
 17739 | D:12     | Noticed a two-headed ogre
 17744 | D:12     | Killed a two-headed ogre
 18035 | D:12     | Found a staircase to the Orcish Mines.
 18291 | D:12     | Killed a two-headed ogre
 19635 | Lair:1   | Entered Level 1 of the Lair of Beasts
 19665 | D:9      | Reached skill level 10 in Fire Magic
 20406 | Lair:1   | Reached XP level 13. HP: 109/109 MP: 22/22
 20950 | Lair:2   | Noticed Amaemon
 21782 | Lair:2   | Found a hole to the Spider Nest.
 22117 | Lair:2   | Noticed Kenran's ghost (journeyman NaGl)
 22124 | Lair:2   | Found a transporter.
 22133 | Lair:2   | Identified the +1 cloak of Wasted Space {Dex+3}
 22218 | Lair:2   | Noticed Maggie
 22236 | Lair:2   | Killed Maggie
 22606 | Lair:2   | Found a staircase to the Swamp.
 22708 | Lair:2   | Found a transporter.
 23195 | Lair:3   | Killed Amaemon
 24148 | Lair:3   | Reached skill level 10 in Spellcasting
 24235 | Lair:3   | Reached skill level 1 in Air Magic
 25651 | Lair:4   | Reached skill level 5 in Air Magic
 25684 | Lair:4   | Identified the +2 chain mail "Urihar" {Dex+2}
 25800 | Lair:4   | Noticed Rupert
 25897 | Lair:3   | Reached XP level 14. HP: 100/116 MP: 28/28
 27331 | Lair:5   | Entered Level 5 of the Lair of Beasts
 28280 | Lair:5   | Noticed Snorg
 28300 | Lair:5   | Killed Snorg
 28400 | Lair:5   | Identified the +1 morningstar of the Radish {flame, Str+4}
 28400 | Lair:5   | Noticed Josephine
 28403 | Lair:5   | Killed Josephine
 29415 | Lair:5   | Reached skill level 10 in Air Magic
 30267 | Lair:5   | Found a corrupted altar of Lugonu.
 30267 | Lair:5   | Found a one-way gate to the infinite horrors of the Abyss.
 30518 | Lair:5   | Learned a level 6 spell: Plasma Beam
 30672 | Lair:5   | Found a viscous altar of Jiyva.
 30746 | Lair:5   | Found a staircase to the Slime Pits.
 31130 | Orc:1    | Entered Level 1 of the Orcish Mines
 31966 | Orc:2    | Entered Level 2 of the Orcish Mines
 32478 | Orc:2    | Noticed Erolcha
 32487 | Orc:1    | Killed Erolcha
 32869 | Orc:2    | Reached XP level 15. HP: 122/122 MP: 4/30
 33530 | Orc:2    | Found Jugyadi's Self-Improvement Boutique.
 33538 | Orc:2    | Bought a manual of Spellcasting for 1040 gold pieces
 33571 | Orc:2    | Found Axae's Book Shop.
 34638 | Orc:2    | Noticed Urug
 34652 | Orc:2    | Killed Urug
 35705 | Orc:2    | Found Fabuatteary's Magic Scroll Boutique.
 35707 | Orc:2    | Found Riguca's General Store.
 36659 | Orc:2    | Found a staircase to the Elven Halls.
 37503 | Orc:2    | Learned a level 2 spell: Sublimation of Blood
 37753 | Orc:2    | Reached skill level 1 in Necromancy
 38489 | Orc:2    | Paralysed by an orc sorcerer for 5 turns
 38712 | Orc:2    | Found Coinnity's Antique Weapon Shoppe.
 38712 | Orc:2    | Found Okhlelod's Jewellery Emporium.
 38713 | Orc:2    | Found a one-way gate leading to the halls of Pandemonium.
 38870 | D:13     | Noticed Jorgrun
 39017 | D:13     | Noticed Frances
 40181 | D:13     | Killed Frances
 40729 | D:13     | Killed Jorgrun
 42854 | Orc:1    | Reached skill level 15 in Spellcasting
 44605 | D:13     | Paralysed by an ogre mage for 2 turns
 44858 | D:13     | Found a gate to the Vaults.
 44938 | Orc:2    | Bought a manual of Fighting for 1040 gold pieces
 46233 | D:14     | Reached skill level 13 in Fighting
 47001 | D:14     | Noticed Lodul
 47004 | D:14     | Killed Lodul
 47421 | D:14     | Noticed a sphinx
 47542 | D:13     | Killed a sphinx
 47618 | D:13     | Reached skill level 14 in Fighting
 47910 | D:14     | Noticed a storm dragon
 47926 | D:13     | Gained mutation: You are completely covered in thin
                  | metallic scales. (AC +4, rElec) [demonic ancestry]
 47926 | D:13     | Reached XP level 16. HP: 53/134 MP: 1/36
 48085 | D:13     | Killed a storm dragon
 48937 | D:14     | Reached skill level 15 in Fighting
 49964 | D:15     | Entered Level 15 of the Dungeon
 50333 | D:15     | Noticed Kirke
 50559 | D:15     | Killed Kirke
 51502 | D:15     | Reached skill level 16 in Fighting
 52893 | D:15     | Reached skill level 17 in Fighting
 53139 | D:15     | Found the ring of the Hare {EV+10}
 53873 | D:15     | Found a staircase to the Depths.
 54668 | Swamp:1  | Entered Level 1 of the Swamp
 54672 | Swamp:1  | Noticed Roxanne
 54676 | Swamp:1  | HP: 3/141 [swamp worm (10)]
 54676 | Swamp:1  | Slain by a spriggan rider

Illustrated notes

Levels and vault maps discovered:
D:1:      sevenhm_arrival_forest_fort_large_2, layout_basic, hex_tiny
D:2:      layout_basic, basic_altar
D:3:      layout_rooms, nicolae_tso_carved_into_rock, chequers_avenue,
          minmay_misc_feat_columns, chequers_serial_rivers_small_3,
          minmay_between
D:4:      layout_loops_corners, gammafunk_ghost_necromancy,
          nicolae_nh_ransacked_shop, uniq_eustachio, uniq_pikel
D:5:      layout_loops_ring, nicolae_elyvilon_peaceful_grove,
          minmay_temple_entry_fiery, uniq_prince_ribbit1
D:6:      layout_cave_pools, gammafunk_ghost_split, st_stairs_4
D:7:      layout_loops_corners, uniq_menkaure
D:8:      layout_basic, xom_teletrap_fun, mainiacjoe_overflow_tiny_flanked,
          mainiacjoe_overflow_24_doors
D:9:      layout_loops_cross, nicolae_uskayaw_murder_on_the_dancefloor,
          dpeg_oklobed_lair, special_room [special_room_orc]
D:10:     minmay_angry_zag, layout_rooms, fedhas_altar_2, serial_shops,
          nicolae_shop_peninsula, chequers_serial_rivers_micro_a
D:11:     layout_roguey, portal_ice_cave_entry_imps, serial_bayou_ford_a,
          serial_bayou_pond_c
D:12:     layout_basic, david_orc_3
D:13:     layout_loops_ring, hangedman_vaults_entry_quadrant_bands,
          introduction_to_nature_2, uniq_frances, uniq_jorgrun
D:14:     cross_vault, layout_loops_cross, uniq_lodul
D:15:     grunt_enter_depths_hoard, layout_cave_pods, solitary_fountain,
          minmay_misc_feat_hallway, hangedman_cracks_in_the_wall, uniq_kirke
Temple:   regret_index_temple_generic_petals
Lair:1:   layout_gridlike, lemuel_fruit_fields
Lair:2:   nzn_winding_woodlands_small [nzn_winding_woodlands_5x15_eye,
          nzn_winding_woodlands_center_lodge,
          nzn_winding_woodlands_5x15_zeroes], layout_gridlike,
          mainiacjoe_swamp_entry_angry_trees, spider_nest_entry_web_field,
          gammafunk_ghost_hive, lemuel_fruit_tree, uniq_maggie, uniq_amaemon
Lair:3:   layout_big_grid
Lair:4:   layout_layer_cave, serial_bayou_lake_a, grunt_megastairs_3,
          uniq_rupert
Lair:5:   hellmonk_lair_end_abyssal_woods, layout_cave_pods,
          minmay_slime_entry_oklob_enclosed, chequers_serial_rivers_room_b,
          chequers_serial_rivers_room_b, uniq_josephine, uniq_snorg
Swamp:1:  layout_falls_marsh, nicolae_swamp_ascending_descending_big,
          swamp_pool_4, uniq_roxanne
Orc:1:    layout_caves, basic_altar
Orc:2:    pf_orc_diabolical, layout_caves, serial_shops, shop,
          nicolae_shop_self_help, uniq_urug, uniq_erolcha

Skill      XL: |  1  2  3  4  5  6  7  8  9 10 11 12 13 14 15 16 |
---------------+-------------------------------------------------+-----
Polearms       | 3 4 6 7 8 10 12 | 12.0
Spellcasting   | 2 5 6 10 11 16 | 16.0
Fire Magic     | 3 4 10 11 | 11.0
Armour         | 2 5 |  5.1
Fighting       | 6 9 12 14 17 | 17.3
Air Magic      | 5 11 | 11.0
Necromancy     | 3 |  3.1

Action                     |  1- 3 |  4- 6 |  7- 9 | 10-12 | 13-15 | 16-18 || total
---------------------------+-------+-------+-------+-------+-------+-------++-------
  Melee: Spear             |    51 |       |       |       |       |       ||    51
         Trident           |       |   138 |   217 |   199 |   771 |    52 ||  1377
         Touch             |       |       |    30 |       |       |       ||    30
         Punch             |       |       |     2 |       |       |       ||     2
         Halberd           |       |       |    75 |   614 |       |       ||   689
  Throw: Dart              |       |       |       |     3 |     2 |       ||     5
   Cast: Scorch            |    14 |    10 |       |       |    96 |       ||   120
         Plasma Beam       |       |       |       |       |   332 |    85 ||   417
         Sublimation of Bl |       |       |       |       |    84 |    17 ||   101
 Invoke: Fiery Armour      |       |     2 |     5 |     5 |       |       ||    12
  Evoke: Wand              |       |       |       |       |     2 |       ||     2
    Use: Scroll            |       |     5 |       |    13 |    10 |     1 ||    29
         Potion            |       |       |       |       |       |     1 ||     1
   Stab: Sleeping          |     2 |       |       |       |       |       ||     2
         Distracted        |       |       |       |       |     2 |       ||     2
 Armour: Robe              |     9 |    22 |       |       |       |       ||    31
         Plate armour      |       |   108 |   244 |   677 |   642 |       ||  1671
         Troll leather arm |       |       |       |       |   327 |    68 ||   395
         Ring mail         |       |       |       |       |       |    22 ||    22
  Dodge: Dodged            |    15 |    17 |    38 |   134 |   470 |    22 ||   696
  Block: Buckler           |       |       |       |    23 |   228 |    16 ||   267
